 Dungeon Crawl Stone Soup version 0.27.1-4-g1640c2035a (webtiles) character file.

Game seed: 12047121412498446842

44 iamoutofideas the Grasshopper (level 3, -3/31 HPs)
             Began as a Gnoll Warper on Nov 10, 2021.
             Slain by Natasha (6 damage)
             ... on level 2 of the Dungeon.
             The game lasted 00:02:45 (1922 turns).

iamoutofideas the Grasshopper (Gnoll Warper)        Turns: 1922, Time: 00:02:46

Health: -3/31      AC:  3    Str: 10    XL:     3   Next: 62%
Magic:  9/9        EV: 12    Int: 13    God:
Gold:   51         SH:  0    Dex: 11    Spells: 7/12 levels left

rFire    . . .     SeeInvis .   a - +0 hand axe
rCold    . . .     Faith    .   (no shield)
rNeg     . . .     Spirit   .   b - +0 leather armour
rPois    .         Reflect  .   (no helmet)
rElec    .         Harm     .   (no cloak)
rCorr    .         Rampage  .   (no gloves)
Will     .....                  (no boots)
Stlth    +.........             (no amulet)
HPRegen  0.10/turn              (no ring)
MPRegen  0.11/turn              (no ring)

@: brilliant
A: fangs 1, strong nose, distributed training
a: no special abilities


You were on level 2 of the Dungeon.
You visited 1 branch of the dungeon, and saw 2 of its levels.

You collected 51 gold pieces.

Inventory:

Hand Weapons
 a - a +0 hand axe (weapon)
Missiles
 d - 5 boomerangs of dispersal (quivered)
 k - 11 poisoned darts
Armour
 b - a +0 leather armour (worn)
Magical Staves
 g - a staff of death
Jewellery
 e - a ring of flight
Scrolls
 c - a scroll of blinking
 h - a scroll of identify {unknown}
 i - a scroll of teleportation {unknown}
 j - a scroll of brand weapon {unknown}
 l - a scroll of magic mapping {unknown}


   Skills:
 + Level 4.5 Fighting
 + Level 0.9 Short Blades
 + Level 0.9 Long Blades
 + Level 4.5 Axes
 + Level 0.9 Maces & Flails
 + Level 0.9 Polearms
 + Level 0.9 Staves
 + Level 0.9 Slings
 + Level 0.9 Bows
 + Level 0.9 Crossbows
 + Level 2.6 Throwing
 + Level 2.6 Armour
 + Level 4.5 Dodging
 + Level 0.9 Stealth
 + Level 0.9 Shields
 + Level 0.9 Unarmed Combat
 + Level 5.0 Spellcasting
 + Level 0.6 Conjurations
 + Level 0.6 Hexes
 + Level 0.6 Summonings
 + Level 0.6 Necromancy
 + Level 5.4 Translocations
 + Level 0.6 Transmutations
 + Level 0.6 Fire Magic
 + Level 0.6 Ice Magic
 + Level 0.6 Air Magic
 + Level 0.6 Earth Magic
 + Level 0.6 Poison Magic
 + Level 1.0 Invocations
 + Level 0.9 Evocations


You had 7 spell levels left.
You knew the following spells:

 Your Spells              Type           Power      Damage    Failure   Level
a - Blink                 Tloc           N/A        N/A       4%          2
b - Teleport Other        Tloc           26%        N/A       8%          3

Your spell library contained the following spells:

 Spells                   Type           Power      Damage    Failure   Level
 Gell's Gravitas          Tloc           13%        N/A       8%          3
 Lesser Beckoning         Tloc           13%        N/A       8%          3
 Portal Projectile        Hex/Tloc       32%        N/A       22%         3
 Manifold Assault         Tloc           26%        N/A       58%         5
 Blade Hands              Tmut           3%         N/A       99%         5
 Excruciating Wounds      Necr           3%         N/A       99%         5


Dungeon Overview and Level Annotations

Branches:
Dungeon (2/15)

Altars:
Uskayaw

Shops:
D:2 (

Annotations:
D:2 Natasha


Innate Abilities, Weirdness & Mutations

You have very sharp teeth.
Your uncanny sense of smell can sniff out nearby items.
Your experience applies equally to all skills.


Message History

Casting: Teleport Other (quite dangerous; 8% risk of failure)
Confirm with . or Enter, or press ? or * to list all spells.
The spell is quite dangerous to cast (8% risk of failure)!
Continue anyway?
Okay, then.
Casting: Teleport Other (quite dangerous; 8% risk of failure)
Confirm with . or Enter, or press ? or * to list all spells.
You feel a surge of power!
You blink.
The white imp disappears for a moment.
Unknown command.
The crimson imp blinks!
The crimson imp blinks!
Found a book of Displacement.
Things that are here:
a +0 mace; 15 stones; a kobold corpse
Found a hide-covered altar of Uskayaw.
Found 28 stones.
Found a lumpy sapphire potion.
Natasha mumbles some strange words.
You see here a lumpy sapphire potion.
f - a lumpy sapphire potion Natasha casts a spell.
The crimson imp blinks!
It was a potion of curing.
You feel better. Natasha claws you.
* * * LOW HITPOINT WARNING * * *
The shadow imp closely misses you.
Unknown command.
You hit Natasha but do no damage.
Natasha is moderately wounded.
You hit the shadow imp.
Natasha howls an incantation.
Natasha shimmers violently.
Natasha claws you.
* * * LOW HITPOINT WARNING * * *
The shadow imp barely misses you.
You hit Natasha but do no damage.
Natasha is moderately wounded.
You closely miss the shadow imp.
Natasha extends her claws.
Natasha claws you.
You die...

## ∆ ∆ ####. #....
#.##. ######.###
##...##.### ##+++##
#.(......## #.5...#
#.......... ###@.##
#.....##.##
.######h######...###.#
......(....# ##.## #.#
#######.##.# #># #.#
#.##.# #.# #.# #####
#.##.# #.# #.#
...:..#.##.# #)# #.#
........##.####.# #.#
.._.........)...# #.##


You could see Natasha and a shadow imp (summoned).

Vanquished Creatures
  An adder (D:2)
  An endoplasm (D:1)
  2 goblins
  3 hobgoblins
  2 jackals (D:1)
  5 quokkas
  6 ball pythons
  4 bats
  3 kobolds (D:2)
  4 rats
31 creatures vanquished.

Vanquished Creatures (others)
  5 toadstools (D:2)
5 creatures vanquished.

Grand Total: 36 creatures vanquished

Notes
Turn   | Place    | Note
-------+----------+-------------------------------------------
     0 | D:1      | iamoutofideas the Gnoll Warper began the quest for the Orb.
     0 | D:1      | Reached XP level 1. HP: 20/20 MP: 6/6
   396 | D:1      | Reached XP level 2. HP: 20/26 MP: 7/7
   477 | D:1      | Learned a level 2 spell: Blink
  1212 | D:1      | Reached XP level 3. HP: 31/31 MP: 9/9
  1243 | D:2      | Found Erif's Antique Weapon Shop.
  1351 | D:2      | Reached skill level 5 in Spellcasting
  1496 | D:2      | Learned a level 3 spell: Teleport Other
  1820 | D:2      | Found a faded altar of an unknown god.
  1870 | D:2      | Reached skill level 1 in Invocations
  1881 | D:2      | Noticed Natasha
  1906 | D:2      | Found a hide-covered altar of Uskayaw.
  1922 | D:2      | Slain by Natasha

Illustrated notes

Levels and vault maps discovered:
D:1:      lightli_arrival_maybe_door_vault, layout_rooms
D:2:      cheibrodos_fertilizer, layout_loops_ring, serial_shops, shop,
          dreamdust_ecumenical_altar_hidden_monk_grotto, basic_altar,
          minmay_domino_2, uniq_natasha

Skill      XL: |  1  2  3 |
---------------+----------+-----
Spellcasting   | 5 |  5.0
Invocations    | 1 |  1.0
Fighting       | |  4.5
Short Blades   | |  0.9
Long Blades    | |  0.9
Axes           | |  4.5
Maces & Flails | |  0.9
Polearms       | |  0.9
Staves         | |  0.9
Slings         | |  0.9
Bows           | |  0.9
Crossbows      | |  0.9
Throwing       | |  2.6
Armour         | |  2.6
Dodging        | |  4.5
Stealth        | |  0.9
Shields        | |  0.9
Unarmed Combat | |  0.9
Conjurations   | |  0.6
Hexes          | |  0.6
Summonings     | |  0.6
Necromancy     | |  0.6
Translocations | |  5.4
Transmutations | |  0.6
Fire Magic     | |  0.6
Ice Magic      | |  0.6
Air Magic      | |  0.6
Earth Magic    | |  0.6
Poison Magic   | |  0.6
Evocations     | |  0.9

Action                   || total
-------------------------++-------
Melee: Hand axe          ||   125
       Bite              ||     5
 Cast: Blink             ||     1
  Use: Potion            ||     2
Armor: Leather armour    ||    40
Dodge: Dodged            ||   115
